 Dungeon Crawl Stone Soup version 0.23.2-1-ga50397a (webtiles) character file.

Game seed: 14669162426325365425

5190 HASTUR3 the Grappler (level 10, 0/94 HPs)
             Began as a Troll Gladiator on May 30, 2019.
             Was an Initiate of Ru.
             Incinerated by a deep elf mage (6 damage)
             ... with a sticky flame
             ... in a bailey.
             The game lasted 00:26:28 (5920 turns).

HASTUR3 the Grappler (Troll Gladiator)              Turns: 5920, Time: 00:26:29

Health: 0/94       AC:  6    Str: 24    XL:     10   Next: 34%
Magic:  13/13      EV: 13    Int:  9    God:    Ru [......]
Gold:   468        SH:  0    Dex: 14    Spells: 8/9 levels left

rFire    . . .     SeeInvis .     - Unarmed
rCold    + . .     Gourm    +   (no shield)
rNeg     . . .     Faith    .   a - +0 robe
rPois    .         Spirit   .   b - +0 hat
rElec    .         Reflect  .   (no cloak)
rCorr    .         Harm     .   (gloves unavailable)
MR       .....                  (boots unavailable)
Stlth    +.........             (no amulet)
HPRegen  0.65/turn              u - ring of protection from cold
MPRegen  0.13/turn              m - ring of stealth

@: brilliant, liquid flames, glowing
A: large, unfitting armour, claws 3, fast metabolism 3, gourmand, regeneration
1, shaggy fur 1, tough skin 3
a: Renounce Religion


You were in a bailey.
You worshipped Ru.
Ru was noncommittal.
You were very full.

You visited 1 branch of the dungeon, and saw 8 of its levels.
You also visited: Sewer, Ossuary and Bailey.

You collected 468 gold pieces.

Inventory:

Missiles
 c - 4 throwing nets (quivered)
Armour
 a - a +0 robe (worn)
 b - a +0 hat (worn)
Jewellery
 m - a ring of stealth (right claw)
 u - a ring of protection from cold (left claw)
Wands
 k - a wand of disintegration (13)
 G - a wand of polymorph (6)
Scrolls
 e - 2 scrolls of noise {unknown}
 f - 3 scrolls of fear {unknown}
 h - 11 scrolls of teleportation {unknown}
 l - 3 scrolls of enchant armour {unknown}
 n - 5 scrolls of amnesia {unknown}
 o - 3 scrolls of magic mapping {unknown}
 q - 4 scrolls of enchant weapon {unknown}
 s - 5 scrolls of remove curse {unknown}
 t - a scroll of torment {unknown}
 w - 2 scrolls of immolation {unknown}
 x - a scroll of vulnerability {unknown}
 y - a scroll of summoning {unknown}
 z - 6 scrolls of identify
 A - 2 scrolls of random uselessness {unknown}
Potions
 g - 3 potions of brilliance
 i - a potion of curing
 j - 2 potions of agility {unknown}
 p - 2 potions of invisibility {unknown}
 r - 3 potions of heal wounds {unknown}
 v - 2 potions of might {unknown}
 C - a potion of ambrosia {unknown}
 D - 2 potions of resistance
 E - 2 potions of cancellation {unknown}
 F - 3 potions of magic {unknown}
 H - a potion of degeneration {unknown}
Comestibles
 d - 18 rations
 B - 3 chunks of flesh


   Skills:
 + Level 4.8 Fighting
 - Level 1.7 Throwing
 - Level 6.8 Dodging
 - Level 10.2 Unarmed Combat
 - Level 2.0 Necromancy
   Level 6.2 Invocations


You had 8 spell levels left.
You knew the following spells:

 Your Spells              Type           Power        Failure   Level  Hunger
a - Animate Skeleton      Necr           N/A          2%          1    ##.....

Your spell library contained the following spells:

 Spells                   Type           Power        Failure   Level  Hunger
 Pain                     Necr           #...         2%          1    ##.....
 Magic Dart               Conj           #...         4%          1    ##.....
 Vampiric Draining        Necr           #.........   6%          3    ####...
 Blink                    Tloc           N/A          7%          2    ###....
 Call Imp                 Summ           #.......     7%          2    ###....
 Slow                     Hex            #.......     7%          2    ###....
 Regeneration             Chrm/Necr      #.........   10%         3    ####...
 Conjure Flame            Conj/Fire      #.......     13%         3    ####...
 Mephitic Cloud           Conj/Pois/Air  #.......     13%         3    ####...
 Animate Dead             Necr           N/A          19%         4    #####..


Dungeon Overview and Level Annotations

Branches:
Dungeon (8/15)             Temple (0/1) D:5
   Lair: D:8-11

Altars:
Qazlal
Ru
Vehumet
Xom
Yredelemnul
The Shining One


Innate Abilities, Weirdness & Mutations

You are too large for most types of armour.
You have claws for hands.
Your metabolism is lightning-fast.
You like to eat raw meat.
Your natural rate of healing is unusually fast.
You are covered in fur. (AC +1)
You have extremely tough skin. (AC +3)


Message History

The deep elf mage hits you but does no damage.
The deep elf mage closely misses you.
You closely miss the deep elf mage. The deep elf mage casts a spell at you.
The stone arrow hits you!!
* * * LOW HITPOINT WARNING * * *
The deep elf mage barely misses you.
You claw the deep elf mage!
The deep elf mage is moderately wounded.
The deep elf mage misses you.
You scratch the deep elf mage but do no damage.
The deep elf mage is moderately wounded.
The deep elf mage gestures at you while chanting.
The sticky flame hits you.
You are covered in liquid flames!
* * * LOW HITPOINT WARNING * * *
You closely miss the deep elf mage.
The deep elf mage is moderately wounded.
You are covered in liquid flames!
You die...

#####
##...######
#..∩..##..##
#...e.#....#
e.
##.)@##....#
.######e##..##
##...###e..###
#.....#.....#
#.....#..∩..#
#.....#.)...#
#...e#Z...##
#e#####
#..E.#....#


You could see 3 deep elf magi.

Vanquished Creatures
  Pikel (D:7)
  2 deep elf magi (Bailey)
  A wraith (D:7)
  Sigmund (D:3)
  A black bear (D:4)
  4 slaves (D:7)
  A necrophage (D:7)
  3 ogres
  2 centaurs
  5 elf zombies (Ossuary)
  3 big kobolds (Sewer)
  A bullfrog (D:7)
  A scorpion (D:7)
  A troll zombie (D:7)
  2 wights (D:7)
  A howler monkey (D:6)
  4 crimson imps
  6 centaur zombies
  2 hounds
  A bullfrog skeleton (D:5)
  6 human zombies
  A gnoll shaman (D:7)
  8 orc priests
  A human skeleton (D:7)
  2 jellies
  Jessica (D:3)
  Ijyb (D:3)
  6 orc wizards
  4 worker ants (D:4)
  A hound zombie (D:6)
  6 mummies
  9 gnolls
  A worker ant zombie (D:5)
  11 adders
  A river rat (Sewer)
  A shadow imp (D:6)
  7 oozes
  2 adder skeletons (D:4)
  3 adder zombies
  8 worms
  2 dart slugs (D:2)
  3 leopard geckos
  34 orcs
  10 giant cockroaches
  4 goblins
  5 hobgoblins
  12 jackals
  7 kobolds
  4 quokkas
  2 ball pythons (D:1)
  4 bats
  8 frilled lizards
  A goblin zombie (D:4)
  A kobold zombie (D:4)
  A leopard gecko skeleton (D:7)
  A quokka zombie (D:7)
  9 rats
231 creatures vanquished.

Vanquished Creatures (collateral kills)
  A deep elf mage (Bailey)
  A gnoll (D:6)
  An orc (D:6)
  A quokka skeleton (D:6)
4 creatures vanquished.

Vanquished Creatures (others)
  A bullfrog skeleton (D:6)
  An adder (D:4)
  A gnoll (D:6)
  An orc (D:4)
  A quokka (D:6)
  A frilled lizard (D:4)
  4 toadstools (D:1)
10 creatures vanquished.

Grand Total: 245 creatures vanquished

Notes
Turn   | Place    | Note
-------+----------+-------------------------------------------
     0 | D:1      | HASTUR3 the Troll Gladiator began the quest for the Orb.
     0 | D:1      | Reached XP level 1. HP: 19/19 MP: 0/0
    67 | D:1      | Reached XP level 2. HP: 27/27 MP: 1/1
   227 | D:1      | Reached skill level 4 in Unarmed Combat
   230 | D:1      | Reached XP level 3. HP: 30/33 MP: 2/2
   274 | D:1      | Found a glowing golden altar of the Shining One.
   840 | D:2      | Found a stormy altar of Qazlal.
   842 | D:2      | Noticed an air elemental
   842 | D:2      | Noticed a fire elemental
   843 | D:2      | Noticed a water elemental
   843 | D:2      | Noticed an earth elemental
   906 | D:2      | Became a worshipper of Qazlal Stormbringer
  1082 | D:2      | Reached XP level 4. HP: 41/41 MP: 3/3
  1092 | D:2      | Found a faded altar of an unknown god.
  1230 | D:3      | Noticed Sigmund
  1243 | D:3      | Killed Sigmund
  1243 | D:3      | Reached skill level 5 in Unarmed Combat
  1243 | D:3      | Reached skill level 1 in Invocations
  1243 | D:3      | Reached XP level 5. HP: 20/48 MP: 3/5
  1457 | D:3      | Reached skill level 6 in Unarmed Combat
  1463 | D:3      | Reached XP level 6. HP: 29/55 MP: 6/6
  1474 | D:3      | Noticed Jessica
  1490 | D:3      | Killed Jessica
  1517 | D:3      | Noticed Ijyb
  1526 | D:3      | Killed Ijyb
  1526 | D:3      | Reached * piety under Qazlal
  1618 | D:3      | Found a transporter.
  1648 | D:3      | Found a transporter.
  2185 | D:4      | Found a radiant altar of Vehumet.
  2213 | D:4      | Found a shimmering altar of Xom.
  2224 | D:4      | Reached skill level 7 in Unarmed Combat
  2337 | D:4      | Reached XP level 7. HP: 56/62 MP: 8/8
  2632 | D:4      | Found a sand-covered staircase.
  2639 | Ossuary  | Entered an ossuary
  2666 | Ossuary  | Reached skill level 8 in Unarmed Combat
  2749 | Ossuary  | Reached XP level 8. HP: 53/70 MP: 10/10
  2760 | Ossuary  | Reached ** piety under Qazlal
  2799 | Ossuary  | Reached skill level 9 in Unarmed Combat
  2894 | D:4      | Identified the +1 chain mail of Huriopor {rC+ rN+ Str+3
                  | Dex+3}
  3099 | D:5      | Entered Level 5 of the Dungeon
  3114 | D:5      | Reached skill level 5 in Invocations
  3147 | D:5      | Learned a level 1 spell: Animate Skeleton
  3190 | D:5      | Found a staircase to the Ecumenical Temple.
  3250 | D:5      | Found a glowing drain.
  3336 | Sewer    | Entered a sewer
  3384 | Sewer    | Reached *** piety under Qazlal
  3384 | Sewer    | Reached skill level 1 in Necromancy
  3776 | D:5      | Reached XP level 9. HP: 78/78 MP: 12/12
  3951 | D:5      | Reached skill level 10 in Unarmed Combat
  4929 | D:6      | Found a radiant altar of Vehumet.
  5498 | D:7      | Reached skill level 5 in Dodging
  5528 | D:7      | Found a basalt altar of Yredelemnul.
  5615 | D:7      | Noticed Pikel
  5654 | D:7      | Killed Pikel
  5661 | D:7      | Reached XP level 10. HP: 50/85 MP: 8/13
  5764 | D:7      | Found a sacrificial altar of Ru.
  5772 | D:7      | Fell from the grace of Qazlal
  5772 | D:7      | Became a worshipper of Ru the Awakened
  5835 | D:8      | Found a flagged portal.
  5848 | D:8      | Found the +12 glaive of Prune {chop}
  5857 | Bailey   | Entered a bailey
  5863 | Bailey   | Noticed a deep elf mage
  5877 | Bailey   | Killed a deep elf mage
  5889 | Bailey   | Noticed a deep elf mage
  5890 | Bailey   | Noticed a deep elf mage
  5890 | Bailey   | Noticed a deep elf mage
  5890 | Bailey   | Noticed a deep elf mage
  5891 | Bailey   | Noticed a deep elf mage
  5902 | Bailey   | Killed a deep elf mage
  5911 | Bailey   | Killed a deep elf mage
  5920 | Bailey   | Incinerated by a deep elf mage

Skill      XL: |  1  2  3  4  5  6  7  8  9 10 |
---------------+-------------------------------+-----
Unarmed Combat | 4 5 6 7 8 9 10 | 10.2
Invocations    | 1 2 3 4 5 6 |  6.2
Necromancy     | 1 2 |  2.0
Dodging        | 6 |  6.8
Fighting       | 4 |  4.8
Throwing       | |  1.7

Action                   |  1- 3 |  4- 6 |  7- 9 | 10-12 || total
-------------------------+-------+-------+-------+-------++-------
Melee: Unarmed           |   119 |   105 |   465 |    27 ||   716
       Punch             |     1 |     3 |    20 |     3 ||    27
 Cast: Animate Skeleton  |       |       |    19 |     2 ||    21
Invok: Upheaval          |       |       |     4 |       ||     4
       Elemental Force   |       |       |     1 |       ||     1
  Use: Scroll            |     2 |       |       |       ||     2
       Potion            |       |       |       |     1 ||     1
 Stab: Sleeping          |     3 |       |       |     1 ||     4
  Eat: Chunk             |    16 |    11 |    32 |     2 ||    61
Armor: Robe              |    60 |    37 |    88 |     8 ||   193
Dodge: Dodged            |    85 |    39 |   155 |     9 ||   288
Block: Other             |       |     1 |    49 |       ||    50
